 Dungeon Crawl Stone Soup version 0.30.0-29-ga12c61a403 (webtiles) character file.

Game seed: 8003203975957410532

536 Fodor the Covered (level 7, -5/61 HPs)
             Began as a Minotaur Fighter on June 14, 2023.
             Slain by an ogre
             ... wielding a +0 giant club
              (28 damage)
             ... on level 5 of the Dungeon.
             The game lasted 00:29:34 (5180 turns).

Fodor the Covered (Minotaur Fighter)                Turns: 5180, Time: 00:29:34

Health: -5/61      AC: 12    Str: 23    XL:     7   Next: 4%
Magic:  6/6        EV:  6    Int:  5    God:
Gold:   327        SH:  5    Dex:  9    Spells: 6/6 levels left

rFire   . . .        o - +7 club
rCold   . . .        c - +0 buckler
rNeg    . . .        f - +0 plate armour
rPois   .            (helmet restricted)
rElec   .            (no cloak)
rCorr   .            (no gloves)
SInv    .            (no boots)
Will    .....        (no amulet)
Stlth   x              - ring of flight
HPRegen 0.30/turn    (no ring)
MPRegen 0.10/turn

%: no passive effects
@: flying
A: horns 2, retaliatory headbutt
a: no special abilities


You were on level 5 of the Dungeon.
You visited 1 branch of the dungeon, and saw 5 of its levels.
You also visited: Sewer.

You collected 327 gold pieces.

Inventory:

Hand Weapons
 i - a +1 spear of freezing
 o - a +7 club (weapon)
 w - a +0 sling of draining
Missiles
 g - 5 silver javelins (quivered)
 q - 39 stones
Armour
 b - a +0 scale mail
 c - a +0 buckler (worn)
 f - a +0 plate armour (worn)
Jewellery
 x - a ring of flight (left hand)
 z - a ring of fire
Wands
 v - a wand of flame (30)
Scrolls
 a - 3 scrolls of fog
 h - a scroll of vulnerability
 j - 2 scrolls of blinking
 n - 2 scrolls of fear
 p - 4 scrolls of teleportation
 s - 2 scrolls of magic mapping
 u - a scroll of poison {unknown}
 y - a scroll of enchant armour {unknown}
 A - 3 scrolls of torment
 C - a scroll of enchant weapon
Potions
 d - a potion of might
 e - a potion of curing {unknown}
 k - 2 potions of lignification {unknown}
 l - 6 potions of flight
 m - a potion of heal wounds {unknown}
 r - a potion of ambrosia {unknown}
 t - 2 potions of haste {unknown}


   Skills:
 + Level 5.0 Fighting
 + Level 3.1 Long Blades
 + Level 3.8 Maces & Flails
 + Level 1.2 Polearms
 + Level 0.8 Ranged Weapons
 + Level 0.5 Throwing
 + Level 5.9 Armour
 + Level 0.2 Dodging
 + Level 0.1 Stealth
 + Level 5.4 Shields


You had 6 spell levels left.
You didn't know any spells.
Your spell library was empty.

Dungeon Overview and Level Annotations

Branches:
Dungeon (5/15)              Sewer (visited)
 Temple: D:4-7

Altars:


Innate Abilities, Weirdness & Mutations

You have a pair of horns on your head.
You reflexively headbutt those who attack you in melee.


Message History

You kill the jackal!
The ball python bites you but does no damage.
The ball python constricts you.
You escape the ball python's grasp.
The ball python barely misses you. x2
Things that are here:
a jackal corpse; an adder corpse The ball python attacks as you move away!
The ball python bites you but does no damage.
The ball python barely misses you. The ball python grabs you.
The ball python constricts you.
You escape the ball python's grasp.
The ball python barely misses you. You block the ball python's attack.
You sock the ball python!
You kill the ball python!
l - 2 potions of flight (gained 1)
l - 3 potions of flight (gained 1)
l - 4 potions of flight (gained 1)
l - 6 potions of flight (gained 2)
There is a gate leading back out of this place here.
Welcome back to the Dungeon!
There is a collapsed entrance here.
There is an open door, spattered with blood here.
You see here an adder skeleton.
Found 13 gold pieces.
You now have 327 gold pieces (gained 13).
An ogre comes into view. It is wielding a +0 giant club.
The ogre shouts!
You sock the ogre! Your headbutt misses the ogre.
The ogre is moderately wounded.
The ogre hits you with a +0 giant club!!
You sock the ogre! Your headbutt misses the ogre.
The ogre is severely wounded.
The ogre barely misses you.
You barely miss the ogre.
The ogre is severely wounded.
The ogre hits you with a +0 giant club!!
You hit the ogre.
The ogre is severely wounded.
The ogre hits you with a +0 giant club!!
You die...

#.######
#....
#......# #...
######.###
... #...# #.#
###.#
#.#######
#.###.......#
#.......#
#######.###.#
#...O@....#
#....#.#####
#.#..#.# # #.
#.# #. #.# #
#.# #.# ..#


You could see an ogre.

Vanquished Creatures
  A black bear (D:4)
  A jelly (D:4)
  A hound (D:4)
  An orc priest (D:3)
  Jessica (D:2)
  Terence (D:3)
  An iguana (D:4)
  Natasha (D:2)
  Robin (D:3)
  A gnoll (D:1)
  3 river rats (Sewer)
  9 adders
  4 worms
  2 dart slugs
  13 orcs
  15 ball pythons
  4 endoplasms
  4 giant cockroaches
  5 hobgoblins
  4 jackals (Sewer)
  4 kobolds
  3 quokkas
  9 bats
  6 frilled lizards
  15 goblins
  2 rats
112 creatures vanquished.

Notes
Turn   | Place    | Note
-------+----------+-------------------------------------------
     0 | D:1      | Fodor the Minotaur Fighter began the quest for the Orb.
     0 | D:1      | Reached XP level 1. HP: 19/19 MP: 0/0
   456 | D:1      | Reached XP level 2. HP: 7/27 MP: 1/1
  1162 | D:2      | Reached XP level 3. HP: 25/33 MP: 2/2
  1300 | D:2      | Noticed Jessica
  1324 | D:2      | Killed Jessica
  2002 | D:2      | Reached XP level 4. HP: 41/41 MP: 3/3
  2072 | D:2      | Noticed Natasha
  2079 | D:2      | Killed Natasha
  2080 | D:2      | Reached skill level 1 in Polearms
  2571 | D:3      | Reached XP level 5. HP: 46/47 MP: 4/4
  2606 | D:3      | Noticed Robin
  2643 | D:3      | Reached skill level 1 in Maces & Flails
  2656 | D:3      | Killed Robin
  2779 | D:3      | Noticed Terence
  2786 | D:3      | Killed Terence
  2787 | D:3      | Reached skill level 5 in Armour
  3766 | D:4      | Reached skill level 5 in Shields
  3771 | D:4      | Reached XP level 6. HP: 43/53 MP: 5/5
  4558 | D:5      | Entered Level 5 of the Dungeon
  4569 | D:5      | Found a glowing drain.
  4590 | Sewer    | Entered a sewer
  4867 | Sewer    | Reached skill level 5 in Fighting
  4928 | Sewer    | Reached XP level 7. HP: 58/61 MP: 6/6
  5180 | D:5      | Slain by an ogre

Illustrated notes

Levels and vault maps discovered:
D:1:      dpeg_arrival_water_fire, layout_loops_ring, serial_bayou_crossing
D:2:      layout_loops_corners, hangedman_abyss_or_decor_stabs, uniq_natasha,
          uniq_jessica
D:3:      layout_basic, minmay_ruptured, uniq_robin, uniq_terence
D:4:      layout_basic, serial_bayou_pond_b
D:5:      layout_basic, gup_sewer_entry_glass

Skill      XL: |  1  2  3  4  5  6 |
---------------+-------------------+-----
Fighting       | 4 5 |  5.0
Armour         | 4 5 |  5.9
Shields        | 4 5 |  5.4
Long Blades    | 3 |  3.1
Polearms       | 1 |  1.2
Maces & Flails | 2 3 |  3.8
Ranged Weapons | |  0.8
Throwing       | |  0.5
Dodging        | |  0.2
Stealth        | |  0.1

Action                     |  1- 3 |  4- 6 |  7- 9 || total
---------------------------+-------+-------+-------++-------
  Melee: Long sword        |    14 |       |       ||    14
         Headbutt          |     4 |    18 |     1 ||    23
         Spear             |    33 |       |       ||    33
         Club              |    14 |   159 |    21 ||   194
   Fire: Sling             |       |    19 |       ||    19
  Throw: Javelin           |       |     5 |       ||     5
    Use: Scroll            |     3 |     5 |       ||     8
 Armour: Plate armour      |    42 |   173 |    18 ||   233
         Scale mail        |     1 |       |       ||     1
  Dodge: Dodged            |    21 |    83 |     9 ||   113
  Block: Buckler           |    16 |    65 |     6 ||    87
